 Dungeon Crawl Stone Soup version 0.32-a0-799-g95e1662365 (webtiles) character file.

Game seed: 13265442932388538688

12160 ezpacito the Fighter (level 11, -3/86 HPs)
             Began as a Coglin Chaos Knight on Mar 21, 2024.
             Was a Plaything of Xom.
             Slain by a cyclops (23 damage)
             ... on level 12 of the Dungeon on Mar 22, 2024.
             The game lasted 00:17:36 (10300 turns).

ezpacito the Fighter (Coglin Chaos Knight)         Turns: 10300, Time: 00:17:37

Health: -3/86      AC: 18    Str: 20    XL:     11   Next: 89%
Magic:  15/15      EV: 15    Int: 10    God:    Xom [.....*]
Gold:   362        SH:  0    Dex: 18    Spells: 3/18 levels left

rFire   . . .        r - +11 flail "Ogaawkeps" {heavy, Fly Will+ Str+2}
rCold   + . .        a - +1 hand axe (chaos) {Gnaeus}
rNeg    . . .        p - +1 steam dragon scales
rPois   .            q - +0 helmet
rElec   .            w - +3 cloak "Xocis" {Str+2 SInv Clar}
rCorr   .            G - +0 pair of gloves
SInv    +            s - +1 pair of boots
Will    +....        (amulet unavailable)
Stlth   +++          (ring unavailable)
HPRegen 0.34/turn    (ring unavailable)
MPRegen 0.14/turn    (no gizmo)

%: clarity
@: flying, studying Evocations, revving
A: off-hand wielding, slow wielding, warmup strikes, no jewellery, iridescent
scales 1, agile 1, clarity, cold resistance 1, low MP 1, screaming 1, evolution
1, subdued magic 1
a: Invent Gizmo, Renounce Religion


You were on level 12 of the Dungeon.
You worshipped Xom.
You were Xom's teddy bear.
You visited 2 branches of the dungeon, and saw 13 of its levels.
You also visited: Ossuary.

You collected 1957 gold pieces.
You spent 1595 gold pieces at shops.

Inventory:

Hand Weapons
 a - a +1 hand axe of chaos (offhand) {Gnaeus}
 j - a +3 trident of venom
 r - the +11 flail "Ogaawkeps" (weapon) {heavy, Fly Will+ Str+2}
   (You found it on level 4 of the Dungeon)

   Str+2:     It affects your strength (+2).
   Will+:     It increases your willpower.
   Fly:       It grants you flight.
 A - a +1 broad axe of flaming {Hajoon}
Missiles
 b - 25 poisoned darts
 h - 3 curare-tipped darts
 x - 8 boomerangs (quivered)
 E - 4 throwing nets
Armour
 p - +1 steam dragon scales (worn)
 q - a +0 helmet (worn)
 s - a +1 pair of boots (worn)
 w - the +3 cloak "Xocis" (worn) {Str+2 SInv Clar}
   (You bought it in a shop on level 10 of the Dungeon)

   Str+2:     It affects your strength (+2).
   SInv:      It lets you see invisible.
   Clar:      It protects you from confusion, rage, mesmerisation and fear.
 G - a +0 pair of gloves (worn)
Magical Staves
 D - a staff of alchemy
Talismans
 H - a beast talisman
Wands
 c - a wand of warping (1)
 g - a wand of acid (4)
 o - a wand of flame (3)
 y - a wand of charming (11)
Scrolls
 e - 4 scrolls of amnesia
 i - 2 scrolls of identify
 k - a scroll of poison
 m - 2 scrolls of immolation
 t - 4 scrolls of teleportation
 u - 4 scrolls of fog
 B - a scroll of blinking
 F - 3 scrolls of noise
 J - 2 scrolls of revelation
 L - 2 scrolls of vulnerability
Potions
 d - a potion of magic
 f - 2 potions of mutation
 l - a potion of heal wounds
 n - 2 potions of enlightenment
 v - a potion of attraction
 z - 2 potions of lignification
 C - a potion of brilliance


   Skills:
 * Level 8.1 Fighting
 * Level 8.1(8.8) Axes
 + Level 4.7(6.7) Polearms
 * Level 7.1 Armour
 * Level 6.7 Dodging
 - Level 4.0 Stealth
 + Level 4.1 Spellcasting
 + Level 2.0 Summonings
 + Level 2.3 Necromancy
 + Level 4.6 Alchemy
 + Level 6.8 Evocations


You had 3 spell levels left.
You knew the following spells:

 Your Spells              Type           Power      Damage    Failure   Level
a - Animate Armour        Summ/Erth      6%         N/A       83%         4
b - Slow                  Hex            4%         N/A       22%         1
s - Sticky Flame          Fire/Alch      5%         2d4       63%         4
w - Passwall              Erth           1%         N/A       54%         3
x - Vampiric Draining     Necr           5%         2d6       24%         3

Your spell library contained the following spells:

 Spells                   Type           Power      Damage    Failure   Level
 Sublimation of Blood     Necr           5%         N/A       12%         2
 Call Imp                 Summ           8%         N/A       13%         2
 Confusing Touch          Hex            1%         N/A       54%         3
 Inner Flame              Hex/Fire       1%         N/A       54%         3
 Volatile Blastmotes      Fire/Tloc      2%         2d10      54%         3
 Ignite Poison            Fire/Alch      5%         N/A       63%         4
 Summon Lightning Spire   Summ/Air       3%         N/A       83%         4
 Flame Wave               Conj/Fire      1%         2d4       92%         4
 Lee's Rapid Deconstruct  Erth           0%         3d4*      100%        5
 Bombard                  Conj/Erth      0%         9d1       100%        6
 Summon Hydra             Summ           2%         N/A       100%        7


Dungeon Overview and Level Annotations

Branches:
Dungeon (12/15)            Temple (1/1) D:5            Lair (0/5) D:11
    Orc (0/2) D:11        Ossuary (visited)

Altars:
Ashenzari
Cheibriados
Dithmenos
Elyvilon
Fedhas
Gozag
Hepliaklqana
Kikubaaqudgha
Makhleb
Nemelex Xobeh
Okawaru
Qazlal
Ru
Sif Muna
Trog
Uskayaw
Vehumet
Wu Jian
Xom
Yredelemnul
Zin
The Shining One

Shops:
D:4 :   D:10 [*(

Annotations:
D:12 Nergalle


Innate Abilities, Weirdness & Mutations

You can wield a second weapon in your off-hand.
It takes a long time for you to wield or remove held weapons.
Your first few attacks do less damage.
You cannot equip rings or amulets.
You are partially covered in iridescent scales. (AC +2)
You are agile. (Dex +4, Str/Int -1)
You possess an exceptional clarity of mind.
Your flesh is cold resistant. (rC+)
Your magical capacity is low. (-10% MP)
You occasionally shout uncontrollably at your foes.
You have hidden genetic potential.
Your spells are a little easier to cast, but a little less powerful.


Message History

Gang up on whom?
Press: ? - help, Dir - move target You can't see that place. [the floor.]
Okay, then.
You swap places.
The centaur warrior shoots an arrow.
The arrow hits you but does no damage.
You swap places.
The centaur warrior shoots an arrow.
The arrow hits your cactus giant!
The centaur warrior unwields a +0 shortbow.
The centaur warrior is struck by your cactus giant's spines.
The centaur warrior dies!
Your Summonings skill increases to level 2!
Your cactus giant disappears in a puff of smoke!
Xom twists space around you.
Your surroundings suddenly seem different.
A cyclops comes into view.
Found a stone staircase leading down.
Your surroundings suddenly seem different.
Your surroundings suddenly seem different.
Your surroundings suddenly seem different.
You yell at the wraith!
A wraith comes into view.
Your surroundings suddenly seem different.
Your surroundings suddenly seem different.
Your surroundings suddenly seem different.
Found an escape hatch in the floor.
The wraith moves out of view.
You regained 13 hp, and now have 37/86 hp.
The cyclops shouts!
You hear a shout!
The cyclops hits you!!
* * * LOW HITPOINT WARNING * * *
You take 18 damage, and have 20/86 hp.
MASSIVE DAMAGE!!
You sock the cyclops with the +11 flail "Ogaawkeps"!
The cyclops is moderately wounded.
You barely miss the cyclops with your +1 hand axe of chaos.
A tengu conjurer comes into view.
The cyclops hits you!!
You die...
Xom chuckles heartily!

# ......ยง. #.
.........# #.
.........#
#####'#######
.........#
#...........#
..c......#
#...........#
.........#
#...........# .
#...........#Q...
## #........@.....#
.. ####....C......#
.. #...........# ..
#...........# ..
#.^........># .
#...........#
#.#####...........#
#.................#
########>.######


You could see a cyclops and a tengu conjurer.

Vanquished Creatures
  A two-headed ogre (D:9)
  A cyclops (D:10)
  Maurice (D:11)
  A gargoyle (D:11)
  Jeremiah (D:6)
  Maggie (D:6)
  2 unseen horrors
  3 kobold demonologists
  A troll (D:10)
  A hornet (D:8)
  2 shadows
  Sigmund (D:3)
  A ynoxinul (D:10)
  4 wraiths
  A warg (D:11)
  A wyvern (D:10)
  A golden eye (D:11)
  2 orc warriors
  2 black bears
  3 ice beasts
  2 wolves (D:11)
  8 centaurs
  A phantom (D:6)
  4 kobold brigands
  3 bullfrogs
  2 gnoll sergeants
  11 scorpions (Ossuary)
  9 wights
  18 killer bees
  3 howler monkeys (D:10)
  A bombardier beetle (D:5)
  2 human zombies (Ossuary)
  4 hounds
  A gnoll bouda (D:4)
  3 orc priests (D:11)
  2 sleepcaps
  4 iguanas
  2 scorpion zombies (Ossuary)
  2 orc wizards
  3 mummies (Ossuary)
  21 gnolls
  9 adders
  2 shadow imps
  A white imp (D:7)
  2 ufetubi (D:6)
  2 adder zombies (Ossuary)
  4 dart slugs
  3 ribbon worms
  9 orcs
  7 bats
  5 endoplasms
  5 giant cockroaches
  A gnoll zombie (Ossuary)
  4 goblins
  5 hobgoblins
  5 jackals (D:2)
  19 kobolds
  4 quokkas
  3 ball pythons (D:1)
  A ball python zombie (Ossuary)
  2 frilled lizards (D:1)
  3 jackal zombies (Ossuary)
  An orc zombie (Ossuary)
  5 rats
239 creatures vanquished.

Vanquished Creatures (collateral kills)
  A centaur warrior (D:12)
  A two-headed ogre (D:11)
  A hornet (D:7)
  An orc warrior (D:7)
  A kobold brigand (D:6)
  A bullfrog (D:7)
  4 killer bees (D:7)
  An orc priest (D:11)
  A gnoll bouda (D:7)
  An orc wizard (D:7)
  3 gnolls (D:7)
  An orc (D:7)
  A kobold (D:6)
18 creatures vanquished.

Vanquished Creatures (others)
  A killer bee (D:9)
  An orc wizard (D:4)
  2 gnolls (D:9)
  2 orcs (D:4)
  A hobgoblin (D:4)
7 creatures vanquished.

Grand Total: 264 creatures vanquished

Notes
Turn   | Place    | Note
-------+----------+-------------------------------------------
     0 | D:1      | ezpacito the Coglin Chaos Knight began the quest for the
                  | Orb.
     0 | D:1      | Reached XP level 1. HP: 18/18 MP: 1/1
    19 | D:1      | Reached skill level 1 in Dodging
    23 | D:1      | Reached XP level 2. HP: 19/24 MP: 2/2
    88 | D:1      | XOM: divination: magic mapping
   108 | D:1      | XOM: silly message
   512 | D:1      | Reached XP level 3. HP: 29/29 MP: 3/3
   729 | D:2      | XOM: stealth player
   785 | D:2      | Identified the +1 leather armour of Virtue {+Inv rElec
                  | Str-3 Dex+4}
  1377 | D:2      | XOM: noise
  1408 | D:2      | XOM: divination: magic mapping
  1456 | D:2      | Reached XP level 4. HP: 26/35 MP: 4/4
  1615 | D:2      | XOM: give mutations
  1615 | D:2      | Gained mutation: Your flesh is cold resistant. (rC+) [Xom's
                  | grace]
  1615 | D:2      | Gained mutation: You have hidden genetic potential. [Xom's
                  | grace]
  1615 | D:2      | Gained mutation: Your flesh is heat resistant. (rF+) [Xom's
                  | grace]
  1712 | D:2      | XOM: god gift: scroll labelled ZAVVIY RUMI {god gift}
  1847 | D:3      | Found a faded altar of an unknown god.
  1941 | D:3      | XOM: god gift: 2 ruby potions {god gift}
  2152 | D:3      | Found a white marble altar of Elyvilon.
  2153 | D:3      | Found an ancient bone altar of Kikubaaqudgha.
  2246 | D:3      | Noticed Sigmund
  2248 | D:3      | Lost mutation: Your flesh is heat resistant. (rF+) [potion
                  | of mutation]
  2248 | D:3      | Lost mutation: You have hidden genetic potential. [potion
                  | of mutation]
  2248 | D:3      | Lost mutation: Your flesh is cold resistant. (rC+) [potion
                  | of mutation]
  2248 | D:3      | Gained mutation: You are covered in fur. (AC +1) [potion of
                  | mutation]
  2248 | D:3      | Gained mutation: Your spells are a little easier to cast,
                  | but a little less powerful. [potion of mutation]
  2248 | D:3      | Gained mutation: Your muscles are strong. (Str +4, Int/Dex
                  | -1) [potion of mutation]
  2258 | D:3      | XOM: destruction
  2274 | D:3      | Killed Sigmund
  2275 | D:3      | Reached skill level 1 in Polearms
  2275 | D:3      | Reached skill level 1 in Stealth
  2275 | D:3      | Reached skill level 1 in Spellcasting
  2275 | D:3      | Reached XP level 5. HP: 31/42 MP: 6/6
  2315 | D:3      | Found a blossoming altar of Fedhas.
  2317 | D:3      | XOM: scenery: summon butterflies
  2364 | D:4      | Found Ranealit's Vocational Training.
  2368 | D:4      | Identified the +11 flail "Ogaawkeps" {heavy, Fly Will+
                  | Str+2}
  2395 | D:4      | Found a radiant altar of Vehumet.
  2404 | D:4      | XOM: smoke on damage
  2424 | D:4      | XOM: divine lightning
  2426 | D:4      | XOM: 3-stop teleportation journey
  2531 | D:4      | Found a sand-covered staircase.
  2536 | Ossuary  | Entered an ossuary
  2548 | Ossuary  | Reached XP level 6. HP: 48/48 MP: 7/7
  2576 | Ossuary  | Reached XP level 7. HP: 52/54 MP: 8/8
  2873 | Ossuary  | XOM: divination: magic mapping
  2877 | Ossuary  | XOM: summons 2 friendly demons
  2880 | Ossuary  | Reached XP level 8. HP: 39/61 MP: 10/10
  3026 | Ossuary  | XOM: cast spell 'Summon Ice Beast'
  3112 | Ossuary  | XOM: god gift: staff of alchemy
  3152 | Ossuary  | Learned a level 4 spell: Animate Armour
  3157 | Ossuary  | Learned a level 4 spell: Sticky Flame
  3197 | D:4      | Reached skill level 5 in Axes
  3326 | D:4      | XOM: give mutations
  3326 | D:4      | Lost mutation: Your spells are a little easier to cast, but
                  | a little less powerful. [Xom's grace]
  3326 | D:4      | Gained mutation: Your flesh is cold resistant. (rC+) [Xom's
                  | grace]
  3326 | D:4      | Gained mutation: You possess an exceptional clarity of
                  | mind. [Xom's grace]
  3326 | D:4      | Gained mutation: You are agile. (Dex +4, Str/Int -1) [Xom's
                  | grace]
  3396 | D:4      | XOM: divination: detect creatures
  3400 | D:4      | Reached skill level 5 in Fighting
  3504 | D:5      | XOM: stealth player
  3504 | D:5      | Entered Level 5 of the Dungeon
  3509 | D:5      | Learned a level 3 spell: Passwall
  3764 | D:5      | Reached skill level 1 in Evocations
  3784 | D:5      | Reached skill level 1 in Alchemy
  4089 | D:5      | Found a staircase to the Ecumenical Temple.
  4118 | Temple   | Entered the Ecumenical Temple
  4290 | D:5      | XOM: silly message
  4395 | D:6      | XOM: noise
  4517 | D:6      | XOM: smoke on damage
  4524 | D:6      | XOM: 3-stop teleportation journey
  4662 | D:6      | Noticed Jeremiah
  4678 | D:6      | Killed Jeremiah
  4679 | D:6      | Reached XP level 9. HP: 43/68 MP: 12/12
  4785 | D:6      | Noticed Maggie
  4785 | D:6      | XOM: 4-stop teleportation journey
  4797 | D:6      | XOM: summons friendly ufetubus
  4820 | D:6      | Your ally Maggie died
  4839 | D:6      | Identified a scroll of acquirement
  4841 | D:6      | Acquired 1274 gold pieces
  4868 | D:6      | XOM: scenery: 1 doors close
  4982 | D:6      | XOM: noise
  5004 | D:6      | Reached skill level 5 in Armour
  5110 | D:6      | XOM: smoke on damage
  5117 | D:6      | XOM: scenery: 3 doors close
  5245 | D:6      | Found a shimmering altar of Xom.
  5302 | D:6      | XOM: noise
  5346 | D:6      | XOM: god gift: 2 boomerangs
  5537 | D:7      | Noticed a hornet
  5548 | D:7      | Killed a hornet
  5559 | D:7      | Reached skill level 5 in Dodging
  5627 | D:7      | Reached XP level 10. HP: 77/77 MP: 14/14
  5713 | D:7      | XOM: give mutations
  5713 | D:7      | Gained mutation: You occasionally lose the ability to drink
                  | potions when taking damage. [Xom's mischief]
  5713 | D:7      | Lost mutation: Your muscles are strong. (Str +4, Int/Dex
                  | -1) [Xom's mischief]
  5713 | D:7      | Gained mutation: You have very sharp teeth. [Xom's
                  | mischief]
  5713 | D:7      | Lost mutation: You are covered in fur. (AC +1) [Xom's
                  | mischief]
  5907 | D:7      | XOM: silly message
  5952 | D:7      | XOM: give mutation
  5952 | D:7      | Gained mutation: Your magical capacity is low. (-10% MP)
                  | [Xom's mischief]
  5986 | D:7      | XOM: chaos upgrade
  6033 | D:7      | Killed an unseen horror
  6120 | D:7      | XOM: 2-stop teleportation journey
  6274 | D:8      | XOM: noise
  6460 | D:8      | Paralysed by a hornet for 2 turns
  6623 | D:8      | XOM: 2-stop teleportation journey
  6785 | D:8      | XOM: 2-stop teleportation journey
  6940 | D:4      | Bought a manual of Evocations for 960 gold pieces
  7040 | D:9      | Noticed a two-headed ogre
  7048 | D:9      | Killed a two-headed ogre
  7123 | D:9      | XOM: summons 6 hostile demons
  7231 | D:9      | XOM: 1-stop teleportation journey
  7233 | D:9      | XOM: noise
  7354 | D:9      | XOM: destruction
  7762 | D:10     | Entered Level 10 of the Dungeon
  7905 | D:10     | Learned a level 1 spell: Slow
  7909 | D:10     | Learned a level 3 spell: Vampiric Draining
  7937 | D:10     | Found a shimmering blue altar of Sif Muna.
  7943 | D:10     | XOM: smoke on damage
  8012 | D:10     | Got Sif Muna's Exposition on Refined Fever
  8017 | D:10     | Found a bloodstained altar of Trog.
  8128 | D:10     | Found a basalt altar of Yredelemnul.
  8129 | D:10     | Found an opulent altar of Gozag.
  8132 | D:10     | Reached XP level 11. HP: 78/84 MP: 14/14
  8149 | D:10     | Found a burning altar of Makhleb.
  8150 | D:10     | Found a hazy altar of Hepliaklqana.
  8190 | D:10     | Found Huquhace's Clear Minds Boutique.
  8197 | D:10     | Bought the +3 cloak "Xocis" {Str+2 SInv Clar} for 635 gold
                  | pieces
  8208 | D:10     | XOM: give mutations
  8208 | D:10     | Gained mutation: You are partially covered in iridescent
                  | scales. (AC +2) [Xom's mischief]
  8208 | D:10     | Gained mutation: You occasionally shout uncontrollably at
                  | your foes. [Xom's mischief]
  8208 | D:10     | Lost mutation: You have very sharp teeth. [Xom's mischief]
  8219 | D:10     | Reached skill level 5 in Evocations
  8223 | D:10     | Noticed a cyclops
  8229 | D:10     | XOM: scenery: create altars
  8233 | D:10     | Killed a cyclops
  8239 | D:10     | XOM: smoke on damage
  8248 | D:10     | XOM: chaos upgrade
  8571 | D:10     | Found Foutz's Weapon Shoppe.
  8587 | D:10     | XOM: give mutations
  8587 | D:10     | Gained mutation: Your spells are a little easier to cast,
                  | but a little less powerful. [Xom's mischief]
  8587 | D:10     | Lost mutation: You occasionally lose the ability to drink
                  | potions when taking damage. [Xom's mischief]
  8619 | D:10     | Found Omeaxap's Armour Boutique.
  8732 | D:11     | Found a staircase to the Lair.
  8741 | D:11     | Reached skill level 1 in Summonings
  8741 | D:11     | Reached skill level 1 in Necromancy
  8742 | D:11     | XOM: fog
  8748 | D:11     | XOM: enchant monster (bad)
  8758 | D:11     | XOM: chaos upgrade
  8965 | D:11     | You are sucked into a shaft and drop 1 floor!
  8966 | D:12     | Noticed Nergalle
  9051 | D:11     | XOM: polymorph centaur -> golden eye
  9063 | D:11     | Found a staircase to the Orcish Mines.
  9220 | D:11     | Noticed a two-headed ogre
  9230 | D:11     | Killed a two-headed ogre
  9519 | D:11     | XOM: stat loss: -1 Int (9/10)
  9642 | D:11     | XOM: cast spell 'Summon Small Mammal'
  9677 | D:11     | XOM: god gift: scroll of amnesia
  9858 | D:11     | Noticed Maurice
  9877 | D:11     | Killed Maurice
 10130 | D:11     | XOM: give mutation
 10130 | D:11     | Gained mutation: You have hidden genetic potential. [Xom's
                  | grace]
 10226 | D:12     | Noticed a centaur warrior
 10228 | D:12     | Noticed a deep elf pyromancer
 10252 | D:12     | XOM: cast spell 'Summon Cactus Giant'
 10257 | D:12     | Killed a centaur warrior
 10297 | D:12     | Noticed a cyclops
 10297 | D:12     | XOM: 7-stop teleportation journey
 10300 | D:12     | Slain by a cyclops

Illustrated notes

Levels and vault maps discovered:
D:1:      evilmike_arrival_plus, layout_basic
D:2:      layout_basic, minmay_misc_feat_secret_circle
D:3:      layout_rooms, gammafunk_temple_overflow_pools,
          fedhas_altar_fruit_tree, basic_ecumenical_altar,
          amcnicky_mini_pool_small, uniq_sigmund
D:4:      layout_cave_pools, mainiacjoe_overflow_boulevard, enter_ossuary_5,
          minmay_misc_feat_tiny, nicolae_shop_vocational
D:5:      layout_gridville, temple_fountains
D:6:      layout_basic, amcnicky_altar_gilded, uniq_jeremiah, uniq_maggie
D:7:      layout_basic, nicolae_elevator_lobby_plus
D:8:      layout_basic, chequers_serial_rivers_micro_d
D:9:      layout_long_grid, nrook_mini_backslash
D:10:     layout_rooms, nzn_overflow_gifts_of_might_and_magic,
          mainiacjoe_overflow_alcove_3, serial_shops,
          nicolae_shop_tiny_statue_garden, nicolae_shop_behind_doors,
          nicolae_clarity_for_sale
D:11:     layout_basic, erik_lair_orcish_takeover, uniq_maurice
D:12:     layout_basic, uniq_nergalle
Temple:   hellmonk_temple_of_storms

Skill      XL: |  1  2  3  4  5  6  7  8  9 10 11 |
---------------+----------------------------------+-----
Dodging        | 1 2 3 4 5 6 |  6.7
Armour         | 2 3 4 5 6 7 |  7.1
Polearms       | 1 2 3 4 |  4.7
Stealth        | 1 2 3 4 |  4.0
Spellcasting   | 1 2 3 4 |  4.1
Axes           | 4 5 6 7 8 |  8.1
Fighting       | 4 5 6 7 8 |  8.1
Evocations     | 2 3 4 6 |  6.8
Alchemy        | 1 2 3 4 |  4.6
Summonings     | 2 |  2.0
Necromancy     | 2 |  2.3

Action                     |  1- 3 |  4- 6 |  7- 9 | 10-12 || total
---------------------------+-------+-------+-------+-------++-------
  Melee: Hand axe          |    91 |    52 |   103 |   107 ||   353
         Dagger            |    85 |    35 |       |       ||   120
         Flail             |       |    16 |   114 |   161 ||   291
         Broad axe         |       |       |       |    28 ||    28
         Bite              |       |       |       |    10 ||    10
  Throw: Boomerang         |       |     7 |       |       ||     7
  Evoke: Wand              |       |       |    14 |    21 ||    35
    Use: Potion            |       |     6 |    10 |     9 ||    25
         Scroll            |       |    12 |     6 |    12 ||    30
   Stab: Sleeping          |     2 |       |     1 |     4 ||     7
         Confused          |     1 |     2 |     2 |     3 ||     8
         Petrified         |       |     2 |       |       ||     2
         Paralysed         |       |     1 |     1 |     1 ||     3
         Held in net/web   |       |     1 |       |       ||     1
         Distracted        |       |       |       |     1 ||     1
 Armour: Leather armour    |    41 |       |       |       ||    41
         Chain mail        |    60 |    54 |    99 |       ||   213
         Skin              |       |    19 |     3 |       ||    22
         Steam dragon scal |       |       |    29 |   303 ||   332
  Dodge: Dodged            |    49 |    32 |   102 |   322 ||   505

Table legend: (Time is in decaauts)
 A = Elapsed time spent in this place.
 B = Non-inter-level travel time spent in this place.
 C = Inter-level travel time spent in this place.
 D = Time resting spent in this place.
 E = Time spent auto-exploring this place.
 F = Levels seen in this place.
 G = Mean time per level.
                   A        B        C        D        E       F      G
               +--------+--------+--------+--------+--------+-----+--------+
         Total |  10486 |  10001 |    485 |    950 |   7100 |  14 |  749.0 |
       Dungeon |   9840 |   9355 |    485 |    835 |   6801 |  12 |  820.0 |
        Temple |      1 |      1 |      0 |      0 |      0 |   1 |    1.0 |
       Ossuary |    643 |    643 |      0 |    115 |    299 |   1 |  643.0 |
               +--------+--------+--------+--------+--------+-----+--------+

Top non-repeatable levels by time:
    D:11: 1491 daAuts
     D:6: 1130 daAuts
     D:2: 1016 daAuts
    D:10: 932 daAuts
     D:5: 913 daAuts
     D:7: 828 daAuts
     D:9: 768 daAuts
     D:1: 732 daAuts
     D:8: 666 daAuts
 Ossuary: 643 daAuts
     D:3: 638 daAuts
     D:4: 573 daAuts
    D:12: 148 daAuts
  Temple: 1 daAuts
